 Dungeon Crawl Stone Soup version 0.32-a0-868-g153ae1a8d6 (webtiles) character file.

Game seed: 5204074402028663766

429 dialectric the Shield-Bearer (level 6, -12/61 HPs)
             Began as a Troll Fighter on Mar 28, 2024.
             Killed by nerve-wracking pain
             ... invoked by an orc priest
              (14 damage)
             ... on level 5 of the Dungeon.
             The game lasted 00:04:20 (2810 turns).

dialectric the Shield-Bearer (Troll Fighter)        Turns: 2810, Time: 00:04:21

Health: -12/61     AC:  4    Str: 27    XL:     6   Next: 66%
Magic:  5/5        EV:  9    Int:  4    God:
Gold:   157        SH:  0    Dex:  9    Spells: 5/5 levels left

rFire   . . .        t - +0 giant spiked club
rCold   . . .        (shield currently unavailable)
rNeg    . . .        b - +0 robe
rPois   .            (helmet restricted)
rElec   .            (no cloak)
rCorr   .            (gloves unavailable)
SInv    .            (boots unavailable)
Will    .....        (no amulet)
Stlth   +            k - ring of flight
HPRegen 1.10/turn    (no ring)
MPRegen 0.09/turn

%: no passive effects
@: flying
A: large, unfitting armour, claws 3, regeneration 1, shaggy fur 1, tough skin 1
a: Convert to Beogh


You were on level 5 of the Dungeon.
You visited 1 branch of the dungeon, and saw 5 of its levels.

You collected 157 gold pieces.

Inventory:

Hand Weapons
 a - a +0 flail
 p - a +4 mace
 t - a +0 giant spiked club (weapon)
Missiles
 e - 21 poisoned darts (quivered)
Armour
 b - a +0 robe (worn)
 c - a +0 kite shield
Jewellery
 k - a ring of flight (left claw)
Wands
 q - a wand of iceblast (4)
Scrolls
 h - 2 scrolls of teleportation {unknown}
 j - a scroll of enchant armour {unknown}
 l - 8 scrolls of identify {unknown}
 m - a scroll of blinking {unknown}
 n - 2 scrolls of enchant weapon {unknown}
 s - a scroll of noise {unknown}
Potions
 d - a potion of might
 f - 2 potions of lignification {unknown}
 g - 3 potions of attraction {unknown}
 i - 2 potions of curing {unknown}
 o - a potion of berserk rage {unknown}
 r - a potion of magic {unknown}


   Skills:
 + Level 3.5 Fighting
 * Level 3.7 Maces & Flails
 + Level 2.1 Armour
 + Level 3.4 Dodging
 + Level 3.7 Shields


You had 5 spell levels left.
You didn't know any spells.
Your spell library contained the following spells:

 Spells                   Type           Power      Damage    Failure   Level
 Ensorcelled Hibernation  Hex/Ice        0%         N/A       65%         2
 Fugue of the Fallen      Necr           0%         N/A       86%         3
 Passwall                 Erth           0%         N/A       86%         3
 Swiftness                Air            0%         N/A       86%         3
 Anguish                  Hex/Necr       0%         N/A       99%         4


Dungeon Overview and Level Annotations

Branches:
Dungeon (5/15)
 Temple: D:4-7

Altars:
Cheibriados
Okawaru
Trog
Xom


Innate Abilities, Weirdness & Mutations

You are too large for most types of armour.
You have claws for hands.
Your natural rate of healing is unusually fast.
You are covered in fur. (AC +1)
You have tough skin. (AC +1)


Message History

The orc priest hits you with a +0 morningstar.
The orc priest closely misses you.
The orc priest calls down the wrath of Beogh upon you.
Beogh smites you!
The orc priest threatens, "Beogh's wrath is as vast as their mercy.
Make your choice!" (press Y on the ability menu to convert to Beogh)
You hit the orc priest.
The orc priest threatens, "Beogh's wrath is as vast as their mercy.
Make your choice!"
The orc priest is heavily wounded.
The orc priest completely misses you.
The orc priest invokes the aid of Beogh against you.
Beogh smites you!
The orc priest looks braver for a moment.
The orc priest shouts, "Surrender to Beogh and we'll let you live!"
You are too injured to fight recklessly!
You impale the orc priest!!
You kill the orc priest!
Unknown command.
You are too injured to fight recklessly!
Unknown command.
You barely miss the orc priest.
The orc priest hits you with a +0 war axe!
The orc priest mumbles some strange prayers to Beogh against you.
Beogh smites you!
* * * LOW HITPOINT WARNING * * *
Unknown command.
You barely miss the orc priest.
The orc priest hits you with a +0 war axe!
* * * LOW HITPOINT WARNING * * *
Unknown command.
You closely miss the orc priest.
The orc priest threatens, "Beogh's wrath is as vast as their mercy.
Make your choice!" The orc priest barely misses you.
The orc priest looks encouraged for a moment.
You barely miss the orc priest.
The orc priest hits you with a +0 war axe!
* * * LOW HITPOINT WARNING * * *
The orc priest invokes the aid of Beogh against you.
Pain shoots through your body!
You die...

#.....##
#....†.
##.....#
#......
#.....##
#......
#......##
#......
###<....#
##.....
##.##.##
##....
#####.#######
###..
#.........
##.
#.@.......
#..)o......
#...........
#..........(
#............
#............
#............
.............


You could see an orc priest.

Vanquished Creatures
  An ogre (D:5)
  A bombardier beetle (D:4)
  A hound (D:4)
  An orc priest (D:5)
  4 iguanas
  5 adders
  An ufetubus (D:5)
  2 dart slugs
  A ribbon worm (D:3)
  10 orcs
  10 endoplasms
  3 giant cockroaches
  11 goblins
  5 hobgoblins
  2 jackals (D:1)
  2 quokkas
  7 ball pythons
  5 bats
  A frilled lizard (D:3)
  10 kobolds
  6 rats
89 creatures vanquished.

Notes
Turn   | Place    | Note
-------+----------+-------------------------------------------
     0 | D:1      | dialectric the Troll Fighter began the quest for the Orb.
     0 | D:1      | Reached XP level 1. HP: 22/22 MP: 0/0
   153 | D:1      | Reached XP level 2. HP: 25/29 MP: 1/1
   448 | D:1      | Reached XP level 3. HP: 36/36 MP: 2/2
   780 | D:2      | Reached skill level 1 in Armour
   935 | D:2      | Found a snail-covered altar of Cheibriados.
  1548 | D:3      | Reached XP level 4. HP: 44/44 MP: 3/3
  1655 | D:3      | Found a bloodstained altar of Trog.
  1845 | D:3      | Found an iron altar of Okawaru.
  1953 | D:3      | Found a shimmering altar of Xom.
  2033 | D:3      | Reached XP level 5. HP: 5/53 MP: 4/4
  2666 | D:5      | Entered Level 5 of the Dungeon
  2672 | D:5      | Reached XP level 6. HP: 53/61 MP: 5/5
  2810 | D:5      | HP: 2/61 [orc priest/+0 war axe (9)]
  2810 | D:5      | Killed from afar by an orc priest

Illustrated notes

Levels and vault maps discovered:
D:1:      tarquinn_simple_flora_water_a, layout_loops_ring
D:2:      layout_basic, basic_altar, serial_park_tiny_1, grunt_ministairs_13
D:3:      layout_basic, mainiacjoe_overflow_alcove_2, lemuel_crystal_altar,
          okawaru_altar_gauntlet_db, minmay_misc_feat_encased,
          chequers_big_river, reono_crystal_passage
D:4:      layout_basic, grunt_ministairs_4
D:5:      layout_cave_pods, grunt_ministairs_14

Skill      XL: |  1  2  3  4  5  6 |
---------------+-------------------+-----
Maces & Flails | 2 3 |  3.7
Shields        | 3 |  3.7
Armour         | 1 2 |  2.1
Fighting       | 3 |  3.5
Dodging        | 3 |  3.4

Action                     |  1- 3 |  4- 6 || total
---------------------------+-------+-------++-------
  Melee: Flail             |    96 |    48 ||   144
         Mace              |       |    68 ||    68
         Giant spiked club |       |     9 ||     9
  Evoke: Wand              |       |     2 ||     2
   Stab: Sleeping          |     1 |       ||     1
 Armour: Robe              |    79 |   110 ||   189
  Dodge: Dodged            |    68 |    81 ||   149

Table legend: (Time is in decaauts)
 A = Elapsed time spent in this place.
 B = Non-inter-level travel time spent in this place.
 C = Inter-level travel time spent in this place.
 D = Time resting spent in this place.
 E = Time spent auto-exploring this place.
 F = Levels seen in this place.
 G = Mean time per level.
                   A        B        C        D        E       F      G
               +--------+--------+--------+--------+--------+-----+--------+
         Total |   2873 |   2784 |     89 |     64 |   2054 |   5 |  574.6 |
       Dungeon |   2873 |   2784 |     89 |     64 |   2054 |   5 |  574.6 |
               +--------+--------+--------+--------+--------+-----+--------+

Top non-repeatable levels by time:
     D:2: 768 daAuts
     D:1: 724 daAuts
     D:3: 633 daAuts
     D:4: 595 daAuts
     D:5: 152 daAuts
